Map: Heavy Artillery LE

Players

Shiro - Winner!

  • Race: Protoss Protoss
  • Spawn Location: 3:00

PatrickStar - Winner!

  • Race: Zerg Zerg
  • League: Platinum
  • Spawn Location: 1:00

VOD

Have the link to the VOD?

Description

Time

  • Played on: May 10, 2020, 4:01 a.m.
  • Length: 16:33
Show
View Real Time Build Order
Export as new Build Order

Shiro Protoss - Winner!

Build Orders:  

Get SALT Encoding   

  12  0:03  Probe (Chrono Boost)  
  14  0:20  Probe (Chrono Boost)  
  14  0:26  Pylon  
  14  0:37  Probe (Chrono Boost)  
  15  0:51  Probe (Chrono Boost)  
  15  0:54  Gateway  
  16  1:02  Probe (Chrono Boost)  
  16  1:08  Assimilator  
  17  1:16  Probe (Chrono Boost)  
  17  1:19  Assimilator  
  18  1:27  Probe (Chrono Boost)  
  18  1:38  Probe (Chrono Boost)  
  20  1:53  Probe (Chrono Boost)  
  21  2:00  Cybernetics Core  
  21  2:04  Pylon  
  22  2:10  Probe (Chrono Boost)  
  22  2:27  Probe (Chrono Boost)  
  23  2:47  Nexus  
  23  2:54  Stargate  
  24  3:01  Probe (Chrono Boost)  
  26  3:18  Probe (Chrono Boost)  
  27  3:25  Pylon  
  27  3:35  Probe (Chrono Boost)  
  28  3:46  Unknown  
  28  3:49  Oracle (Chrono Boost)  
  28  3:51  Probe (Chrono Boost)  
  28  3:54  Unknown  
  32  4:07  Probe  
  33  4:24  Oracle (Chrono Boost)  
  33  4:25  Probe x2 (Chrono Boost)  
  33  4:28  Warp Gate  
  35  4:38  Probe (Chrono Boost)  
  38  4:43  Probe (Chrono Boost)  
  38  4:46  Robotics Facility  
  40  4:51  Probe (Chrono Boost)  
  40  4:59  Assimilator  
  42  5:00  Probe (Chrono Boost)  
  42  5:08  Probe (Chrono Boost)  
  43  5:17  Probe (Chrono Boost)  
  43  5:18  Void Ray  
  48  5:25  Probe (Chrono Boost)  
  49  5:34  Probe (Chrono Boost)  
  49  5:37  Nexus  
  51  5:42  Probe (Chrono Boost)  
  51  5:46  Assimilator  
  52  5:51  Probe (Chrono Boost), Pylon  
  52  5:55  Observer  
  52  5:59  Probe (Chrono Boost)  
  54  6:15  Pylon  
  54  6:19  Probe x2 (Chrono Boost)  
  56  6:27  Immortal  
  60  6:36  Probe x2 (Chrono Boost)  
  60  6:38  Robotics Bay  
  62  6:53  Probe x2 (Chrono Boost)  
  62  6:58  Pylon  
  62  6:59  Pylon  
  64  7:04  Void Ray  
  70  7:10  Probe x2 (Chrono Boost)  
  70  7:22  Immortal (Chrono Boost), Probe (Chrono Boost)  
  70  7:23  Assimilator  
  70  7:27  Probe x2 (Chrono Boost)  
  77  7:31  Assimilator  
  77  7:39  Probe (Chrono Boost)  
  78  7:43  Gateway  
  78  7:44  Probe (Chrono Boost)  
  78  7:47  Forge  
  80  7:50  Probe (Chrono Boost)  
  80  7:54  Probe (Chrono Boost)  
  80  7:58  Probe  
  80  7:59  Void Ray  
  82  8:06  Probe  
  82  8:09  Colossus (Chrono Boost)  
  87  8:11  Probe  
  87  8:12  Pylon  
  87  8:15  Probe  
  87  8:18  Pylon  
  95  8:23  Probe  
  95  8:25  Sentry  
  95  8:28  Probe  
  99  8:32  Probe  
  99  8:33  Pylon  
  100  8:40  Probe  
  100  8:45  Probe  
  100  8:49  Probe  
  103  8:50  Void Ray  
  103  8:57  Protoss Ground Weapons Level 1 (Chrono Boost)  
  107  9:02  Probe  
  107  9:03  Probe  
  109  9:11  Colossus (Chrono Boost)  
  109  9:14  Pylon x2  
  109  9:17  Pylon  
  115  9:36  Void Ray  
  115  9:41  Extended Thermal Lance  
  115  9:49  Fleet Beacon  
  119  10:12  Nexus  
  119  10:16  Pylon  
  119  10:19  Pylon  
  119  10:24  Stargate  
  119  10:27  Pylon  
  125  10:30  Colossus (Chrono Boost)  
  125  10:33  Pylon  
  125  10:36  Void Ray  
  129  10:43  Probe  
  129  10:44  Probe x2  
  131  11:13  Protoss Air Weapons Level 1  
  131  11:23  Probe x2  
  131  11:24  Probe  
  134  11:32  Assimilator  
  134  11:34  Void Ray  
  144  11:40  Probe x3  
  144  11:45  Colossus (Chrono Boost), Void Ray  
  151  11:54  Twilight Council  
  151  11:57  Probe  
  152  12:01  Gateway  
  152  12:03  Gateway  
  152  12:07  Gateway  
  152  12:08  Gateway  
  152  12:09  Probe  
  153  12:10  Unknown, Probe  
  153  12:11  Probe  
  153  12:13  Gateway  
  153  12:14  Probe  
  156  12:22  Gateway  
  156  12:26  Gateway  
  156  12:34  Void Ray  
  160  12:45  Void Ray  
  170  13:00  Colossus (Chrono Boost)  
  170  13:34  Void Ray  
  164  13:45  Void Ray  
  152  13:57  Probe  
  152  13:58  Probe x3  
  148  14:06  Zealot x2  
  148  14:07  Zealot x5  
  148  14:08  Zealot  
  170  14:15  Colossus (Chrono Boost)  
  170  14:21  Assimilator  
  170  14:34  Void Ray  
  174  14:42  Void Ray  
  178  14:54  Zealot  
  178  14:55  Zealot x4  
  178  14:56  Zealot x3  
  194  15:13  Forge  
  194  15:15  Nexus  
  194  15:16  Pylon  
  194  15:18  Cybernetics Core  
  194  15:20  Pylon  
  194  15:23  Observer (Chrono Boost)  
  194  15:24  Gravitic Boosters  
  194  15:25  Charge  
  195  15:47  Observer (Chrono Boost)  
  200  15:53  Photon Cannon, Assimilator  
  200  15:57  Photon Cannon  
  200  15:59  Photon Cannon, Assimilator  
  200  16:02  Photon Cannon  
  200  16:05  Dark Shrine, Photon Cannon  
  200  16:07  Photon Cannon  
  200  16:08  Templar Archives  
Show
View Real Time Build Order
Export as new Build Order

PatrickStar Zerg - Winner!

Build Orders:  

Get SALT Encoding   

  12  0:02  Drone  
  13  0:20  Overlord  
  13  0:24  Drone  
  14  0:45  Drone  
  14  0:46  Drone  
  16  0:52  Drone  
  17  1:15  Hatchery  
  16  1:20  Drone  
  17  1:49  Hatchery  
  16  1:54  Drone  
  16  1:58  Drone  
  18  2:02  Drone  
  19  2:22  Spawning Pool  
  19  2:25  Drone  
  19  2:29  Drone  
  20  2:39  Drone  
  21  2:57  Drone  
  22  3:01  Overlord  
  22  3:09  Drone  
  23  3:11  Drone  
  24  3:24  Drone  
  25  3:31  Drone x2  
  27  3:41  Queen x2  
  27  3:42  Queen  
  27  3:45  Drone  
  27  3:47  Drone  
  35  3:53  Overlord  
  35  4:00  Drone x2  
  35  4:01  Drone  
  35  4:09  Drone  
  39  4:11  Drone  
  39  4:15  Drone  
  41  4:24  Overlord  
  41  4:31  Queen  
  41  4:32  Queen  
  41  4:34  Drone x2  
  47  4:52  Drone x2  
  47  4:53  Drone  
  47  4:55  Drone  
  47  4:57  Drone  
  52  5:03  Hatchery  
  51  5:10  Drone  
  51  5:11  Drone  
  51  5:12  Drone  
  51  5:16  Drone  
  55  5:34  Overlord x3  
  55  5:51  Extractor  
  55  5:53  Extractor  
  55  5:56  Extractor  
  55  5:59  Extractor  
  51  6:02  Extractor  
  51  6:05  Extractor  
  51  6:07  Evolution Chamber  
  51  6:08  Evolution Chamber  
  47  6:10  Drone  
  47  6:16  Drone  
  47  6:17  Drone x13  
  47  6:18  Drone  
  47  6:19  Evolution Chamber  
  62  6:36  Drone  
  62  6:37  Drone x3  
  66  6:58  Drone x2  
  66  6:59  Drone x2  
  70  7:09  Drone  
  44  7:10  Drone x10  
  71  7:18  Extractor  
  80  7:28  Zerg Ground Armor Level 1  
  80  7:29  Roach Warren, Zerg Melee Weapons Level 1  
  79  7:30  Extractor  
  79  7:31  Zerg Missile Weapons Level 1  
  78  7:45  Drone x2  
  78  7:49  Drone x3  
  83  7:53  Lair  
  83  7:54  Drone  
  83  7:58  Drone x2  
  83  7:59  Drone x2  
  88  8:06  Overlord x5  
  88  8:07  Overlord x7  
  88  8:39  Drone x3  
  91  8:41  Extractor, Drone x2  
  91  8:42  Hatchery  
  91  8:43  Drone  
  91  8:44  Drone x3  
  91  8:47  Extractor  
  94  9:18  Hydralisk Den  
  93  9:25  Spire  
  93  9:26  Spire  
  91  9:35  Drone x2  
  91  9:36  Drone  
  91  9:38  Drone x2  
  91  9:39  Drone  
  97  9:42  Drone x3  
  97  9:46  Roach  
  97  9:47  Roach x13  
  128  10:11  Overlord x3  
  128  10:12  Overlord x3  
  128  10:14  Hydralisk x2  
  132  10:20  Metabolic Boost  
  132  10:25  Drone  
  132  10:27  Lurker Den  
  132  10:30  Drone  
  132  10:37  Infestation Pit  
  132  10:39  Zerg Missile Weapons Level 2, Zerg Melee Weapons Level 2  
  132  10:40  Zerg Ground Armor Level 2  
  132  10:49  Hydralisk  
  134  10:50  Hydralisk x5  
  134  10:51  Hydralisk x10  
  134  10:52  Hydralisk  
  166  11:17  Roach x8  
  182  11:20  Hydralisk  
  182  11:22  Hydralisk  
  182  11:24  Extractor, Hatchery  
  182  11:28  Extractor  
  183  11:39  Overlord x2  
  183  11:58  Unknown  
  183  12:04  Lurker x2  
  183  12:09  Lurker x4  
  189  12:15  Lurker x2  
  191  12:38  Zerg Flyer Weapons Level 1, Zerg Flyer Armor Level 1  
  191  12:46  Pathogen Glands  
  191  12:47  Spire  
  190  13:01  Hydralisk  
  190  13:02  Hydralisk x4  
  200  13:38  Unknown  
  200  13:59  Mutalisk  
  199  14:06  Neural Parasite  
  196  14:39  Mutalisk  
  196  14:40  Mutalisk x2  
  188  15:24  Hive  
  188  15:26  Mutalisk  
  188  15:27  Mutalisk x6  
  190  16:03  Baneling Nest  
  187  16:25  Ultralisk Cavern  
Tags
 
Add a new tag
Caveats
  • Supply blocks, unpowered buildings, or Contaminate may cause inaccurate times.
  • Supply counts are checked every 10 seconds.